 Dungeon Crawl Stone Soup version 0.14-a0-1378-gf8e6a88 (webtiles) character file.

828633 4tharraofdagon the Shatterer (level 27, -9/241 (248) HPs)
             Began as a Hill Orc Fighter on Dec 7, 2013.
             Was the Champion of Beogh.
             Killed from afar by a frost giant (12 damage)
             ... with a bolt of cold
             ... on Level 7 of Cocytus on Dec 8, 2013.
             The game lasted 07:42:10 (37442 turns).

4tharraofdagon the Shatterer (Hill Orc Fighter)    Turns: 37442, Time: 07:42:10

HP  -9/241 (248) AC 37     Str 32      XL: 27
MP   6/41        EV 15     Int 14      God: Beogh [******]
Gold 427         SH 11     Dex 12      Spells:  9 memorised, 14 levels left

rFire  . . .     SeeInvis +     l - +8 sacred scourge (holy)
rCold  + . .     Clarity  +     a - +10 pearl dragon armour
rNeg   + + .     Conserve +     O - -5 buckler "Pooff" {+Rage +Inv rN+ MR++ Int+1 Acc+4 SInv}
rPois  .         rCorr    .     G - +2 helmet {rC+}
rElec  .         rRot     .     g - +1 cloak
SustAb . .       Spirit   .     A - +3 pair of gauntlets of War {Acc+5 Dam+5}
rMut   .         Warding  .     e - -2 pair of orc boots {Fly}
Saprov + . .     RndTele  +     q - amulet of conservation
                                u - ring of teleportation
                                V - ring "Yzefudox" {Str+3 Dex+2 Acc+5 Dam+5}

@: regenerating, very slightly contaminated, extremely resistant to hostile
enchantments, extremely unstealthy
A: walk on water, berserk 1, clarity, clever 1, deformed body, saprovore 1,
shaggy fur 1
a: Smiting, Recall Orcish Followers, Renounce Religion, Evoke Berserk Rage,
Evoke Invisibility, Evoke Flight, Evoke Teleportation
}: 12/15 runes: barnacled, slimy, silver, golden, iron, abyssal, demonic,
glowing, magical, fiery, dark, gossamer


You were on level 7 of Cocytus.
You worshipped Beogh.
Beogh was exalted by your worship.
You were not hungry.

You visited 14 branches of the dungeon, and saw 78 of its levels.
You visited Pandemonium 1 time, and saw 31 of its levels.
You visited the Abyss 4 times.
You also visited: Ice Cave.

You collected 8234 gold pieces.
You spent 7807 gold pieces at shops.

Inventory:

Hand weapons
 l - a +8,+8 sacred scourge of holy wrath (weapon)
Armour
 a - a +10 pearl dragon armour (worn)
 e - a -2 pair of orcish boots of flying (worn)
 g - a +1 cloak (worn)
 v - the +2 faerie dragon armour {+Inv rElec Acc+4}
   (You took it off the Enchantress on level 5 of the Enchanted Forest)

   It affects your accuracy (+4).
   It insulates you from electricity.
   It lets you turn invisible.
 A - the +3 pair of gauntlets of War (worn) {Acc+5 Dam+5}
   (You found it on level 3 of the Tomb of the Ancients)

   It affects your accuracy (+5).
   It affects your damage-dealing abilities (+5).
 G - a +2 helmet of cold resistance (worn)
 O - the -5 buckler "Pooff" (worn) {+Rage +Inv rN+ MR++ Int+1 Acc+4 SInv}
   (You found it on level 5 of the Enchanted Forest)

   It affects your intelligence (+1).
   It affects your accuracy (+4).
   It protects you from negative energy.
   It affects your resistance to hostile enchantments.
   It enhances your eyesight.
   It lets you turn invisible.
   It lets you go berserk.
Magical devices
 k - a wand of heal wounds (2)
 r - a wand of digging (4)
 B - a wand of hasting (4)
 F - a wand of heal wounds (0)
 T - a wand of hasting (3)
 Y - a wand of digging (16)
 Z - a wand of invisibility (3)
Comestibles
 d - 6 meat rations
 t - 17 bread rations
Scrolls
 p - a scroll of teleportation
 L - 5 scrolls of remove curse
 M - 4 scrolls of identify
Jewellery
 b - the ring of Polytheism {Dex+3 Int+3 Dam+4 SInv}
   (You bought it in a shop on level 4 of the Orcish Mines)

   [ring of see invisible]

   It affects your intelligence (+3).
   It affects your dexterity (+3).
   It affects your damage-dealing abilities (+4).
 i - the ring of the Assorted Beds {+Inv rC+ rN+}
   (You found it on level 7 of the Iron City of Dis)

   [ring of invisibility]

   It protects you from cold.
   It protects you from negative energy.
 m - an uncursed amulet of clarity
 o - the ring "Yneuqisch" {Ice Str+2 Dex+3}
   (You found it in an ice cave)

   [ring of ice]

   It affects your strength (+2).
   It affects your dexterity (+3).
 q - an amulet of conservation (around neck)
 u - a ring of teleportation (right hand)
 D - an uncursed ring of regeneration
 N - an uncursed ring of sustain abilities
 Q - an uncursed amulet of warding
 R - an uncursed ring of flight
 S - the ring of Fun {rF+ Str+2 Dex+4}
   (You took it off a deep elf death mage on level 3 of the Elven Halls)

   [ring of protection from fire]

   It affects your strength (+2).
   It affects your dexterity (+4).
 U - the amulet of Gagaysai {rMut Stlth+}
   (You found it on level 6 of the Pits of Slime)

   [amulet of resist mutation]

   It makes you much more stealthy.
 V - the ring "Yzefudox" (left hand) {Str+3 Dex+2 Acc+5 Dam+5}
   (You found it on level 3 of the Elven Halls)

   [ring of slaying]

   It affects your accuracy (+5).
   It affects your damage-dealing abilities (+5).
   It affects your strength (+3).
   It affects your dexterity (+2).
Potions
 h - 3 potions of agility
 j - 4 potions of speed
 x - a potion of cure mutation
 z - 4 potions of restore abilities
 I - 5 potions of brilliance
 J - 7 potions of curing
 P - 2 potions of berserk rage
 W - 2 potions of might
 X - 6 potions of lignification
Miscellaneous
 c - a phial of floods
 f - a lamp of fire (inert)
 n - a lamp of fire (inert)
 s - a phial of floods
 w - a lamp of fire (inert)
 E - a fan of gales
 K - a plain deck of escape {the Tomb}


   Skills:
 + Level 20.7 Fighting
   Level 4.8 Axes
 * Level 25.9 Maces & Flails
 + Level 20.9 Armour
 - Level 13.1 Dodging
 - Level 16.0 Shields
 - Level 6.1 Spellcasting
 - Level 12.3 Charms
 - Level 4.6 Translocations
 - Level 9.4 Invocations
 + Level 17.9 Evocations


You had 14 spell levels left.
You knew the following spells:

 Your Spells              Type           Power        Failure   Level  Hunger
a - Repel Missiles        Chrm/Air       ###.......   1%          2    #......
b - Regeneration          Chrm/Necr      ###.......   4%          3    ###....
c - Shroud of Golubria    Chrm/Tloc      ####......   1%          2    #......
d - Haste                 Chrm           #####...     17%         6    #######
e - Apportation           Tloc           ###.......   2%          1    None
f - Blink                 Tloc           N/A          3%          2    #......
g - Cure Poison           Pois           #.........   24%         2    #......
h - Control Teleport      Chrm/Tloc      ####......   6%          4    ####...
i - Stoneskin             Trmt/Erth      #.........   24%         2    #......


Dungeon Overview and Level Annotations

Branches:
Dungeon (16/16)            Temple (0/1) D:4             Orc (4/4) D:12
    Elf (3/3) Orc:3          Lair (8/8) D:10         Shoals (5/5) Lair:3
 Spider (5/5) Lair:6        Slime (6/6) Lair:7       Vaults (5/5) D:15
  Blade (0/1) Vaults:3       Tomb (3/3) Forest:2       Hell (1/1)
    Dis (7/7) Hell            Coc (7/7) Hell         Forest (5/5) Vaults:3
 Depths (3/6) D:16
    Geh: Hell:1         Tar: Hell:1

Altars:
Cheibriados
Elyvilon
Fedhas
Makhleb
Okawaru
Trog
Vehumet
Xom
Zin
the Shining One
Beogh
Jiyva

Shops:
Orc:3 ?   Orc:4 *((?[=   Elf:1 +   Vaults:3 %   Vaults:5 !??!%!%?

Portals:
Hell: Depths:1 Depths:2 Depths:3
Pandemonium: Depths:2 Depths:3

Annotations:
D:10 ANGEL SCOURGE!!!!!!!!!!
Vaults:3 FOOD
Coc:7 exclusion: ice statue


Innate Abilities, Weirdness & Mutations

You can walk on water.
You can tolerate rotten meat.
You tend to lose your temper in combat.
You possess an exceptional clarity of mind.
Your mind is acute. (Int +2)
Armour fits poorly on your strangely shaped body.
You are covered in fur (AC +1).


Message History

* * * LOW HITPOINT WARNING * * *
The ice devil hits you but does no damage.
An ice dragon comes into view.
Unknown command.
Unknown command.
Casting: Blink
Confirm with . or Enter, or press ? or * to list all spells.
Okay, then.
Casting: Blink
Confirm with . or Enter, or press ? or * to list all spells.
You blink.
The freezing wraith barely misses you. The ice dragon breathes frost at you.
The blast of cold hits you! You resist.
* * * LOW HITPOINT WARNING * * *
The blast of cold hits the freezing wraith.
The freezing wraith completely resists.
The frost giant points at you and mumbles some strange words.
The bolt of cold hits you! You resist.
Two of your 9 potions of curing freeze and shatter!
You die...

≈≈# ≈≈# ≈ ≈≈# ≈#
≈≈# . .≈## ≈≈# ≈.
.≈### ≈≈# ≈≈..
..≈### ≈≈# #≈≈..#
#D.≈### ≈≈≈#
#≈≈≈..#####..≈≈####
≈≈≈
#≈≈≈....D.@.≈≈≈####
≈≈
#≈≈≈.C..W.≈≈≈≈####
#≈≈≈≈3§zz≈≈≈≈≈###
#≈≈≈≈zz..≈≈≈≈≈###
#≈≈≈≈ZD..≈≈≈≈≈###
≈≈ #≈≈≈.....≈≈≈≈≈##
≈≈≈ #≈≈≈..WD.≈≈≈≈≈#
≈≈≈≈ #≈≈≈....≈≈≈≈≈≈
≈≈≈# ≈≈≈....≈≈≈≈


You could see a frost giant, 4 ice dragons, 4 skeletal warriors, an ice devil, 2
freezing wraiths and an ice dragon skeleton.

Vanquished Creatures
  the royal jelly (Slime:6)
  Gloorx Vloq (Pan)
  Dispater (Dis:7)
  11 greater mummies
  Saint Roka (Orc:4)
  Boris (Forest:3)
  Sojobo (Forest:5)
  the Enchantress (Forest:5)
  Mara (Vaults:5)
  Geryon (Hell)
  4 golden dragons
  3 bone dragons
  Frederick (Forest:3)
  8 Brimstone Fiends
  7 Hell Sentinels
  A lich (Coc:5)
  9 tentacled monstrosities
  7 Ice Fiends
  8 titans
  3 quicksilver dragons (Dis:7)
  2 deep elf blademasters (Elf:3)
  5 Shadow Fiends (Pan)
  A deep elf master archer (Elf:3)
  13 Executioners
  A thorn hunter (Forest:3)
  2 storm dragons (Pan)
  3 krakens
  8 acid blobs
  A daeva (Abyss:1)
  5 sphinxes
  7 tengu reavers
  The ghost of 4tharraofdagon the Stickfighter, a mighty DjWn of Yredelemnul (Elf:3)
  3 pandemonium lords (Pan)
  A shadow dragon (Depths:3)
  5 tentacled starspawn
  2 orc warlords (Depths:2)
  Donald (Vaults:1)
  6 fire giants
  A deep elf sorcerer (Depths:3)
  Maud (D:15)
  7 vault wardens
  2 ghost moths (Spider:5)
  4 iron dragons
  11 cacodemons (Pan)
  3 frost giants
  12 balrugs
  5 azure jellies
  2 emperor scorpions (Spider:5)
  16 reapers
  3 draconian annihilators (Pan)
  An angel (D:10)
  5 spriggan defenders (Forest:5)
  3 treants
  3 ancient bears
  2 apis (Forest:5)
  21 stone giants
  2 deep elf demonologists
  6 lorocyprocas
  An elemental wellspring (Forest:3)
  2 satyrs
  4 deep elf annihilators
  11 blizzard demons
  4 green deaths (Pan)
  A merfolk javelineer (Shoals:5)
  3 dire elephants
  2 deep elf death magi (Elf:3)
  6 spriggan air magi
  11 ettins
  Snorg (Lair:5)
  A merfolk impaler (Shoals:5)
  A deep elf high priest (Vaults:5)
  8 yaktaur captains
  12 mummy priests
  3 death oozes (Slime:6)
  24 vault guards (Vaults:5)
  6 ironheart preservers (Vaults:5)
  Fannar (Orc:4)
  13 hydras
  A great orb of eyes (Slime:6)
  4 ice dragons (Coc:7)
  Nessos (Vaults:1)
  8 ogre magi
  3 deep troll earth magi
  4 spriggan enchanters
  5 anacondas
  A deep troll shaman (Vaults:4)
  12 spriggan berserkers
  A vampire mage (Abyss:1)
  A spriggan assassin (Forest:3)
  7 spriggan druids
  A rakshasa (Depths:2)
  4 death yaks
  3 very ugly things
  2 orc high priests
  11 centaur warriors
  7 unseen horrors
  4 wretched stars
  6 soul eaters
  A spectral elf (Elf:3)
  13 thrashing horrors
  A naga warrior (Depths:2)
  An alligator (Abyss:5)
  4 dryads
  15 hell knights
  19 sun demons
  2 iron golems (Dis:7)
  6 iron trolls
  5 shadow wraiths
  2 deep elf knights
  3 water nymphs
  A spatial maelstrom (Abyss:5)
  7 fauns
  10 skeletal warriors
  7 hill giants
  A hell beast (Pan)
  25 large abominations
  A swamp dragon (Abyss:5)
  5 deep trolls
  A flayed ghost (Vaults:2)
  2 shadow demons
  2 sea snakes (Shoals:5)
  A swamp dragon (shapeshifter) (Vaults:5)
  An ice statue (IceCv)
  A giant orange brain (Slime:6)
  9 ice devils
  A flaming corpse (Tomb:3)
  3 giant amoebae
  4 necromancers
  A hill giant (shapeshifter) (Depths:2)
  7 orc knights
  4 wizards
  3 hellions
  A sphinx zombie (D:16)
  6 ironbrand convokers
  A wolf spider (shapeshifter) (Vaults:5)
  4 wolf spiders
  3 stone giant zombies
  7 iron dragon zombies
  8 red wasps
  10 harpies
  A fire giant zombie (Tomb:1)
  4 cyclopes
  4 griffons
  2 phantasmal warriors (Vaults:5)
  A deep elf conjurer (Elf:1)
  3 orc sorcerers
  A spectral ettin (Tomb:3)
  An oklob plant (Forest:2)
  An elephant (shapeshifter) (Vaults:5)
  A black mamba (shapeshifter) (Abyss:3)
  A moth of wrath (Spider:5)
  A spiny worm (Vaults:5)
  A moth of wrath (shapeshifter) (Vaults:5)
  3 shining eyes
  A stone giant skeleton (Pan)
  An iron dragon skeleton (Dis:3)
  8 vault sentinels
  2 elephants (Lair:8)
  A guardian serpent (Abyss:3)
  2 eyes of devastation
  A deep elf summoner (Elf:1)
  18 sixfirhies
  7 spirit wolves
  An item mimic (D:11)
  10 tormentors
  A feature mimic (Vaults:1)
  A fire drake (Lair:8)
  A yaktaur (shapeshifter) (Depths:1)
  3 spiny frogs
  10 orange demons
  22 smoke demons
  3 efreet
  A formicid venom mage (Spider:5)
  24 yaktaurs
  4 vapours (Pan)
  4 raiju
  13 demonic crawlers
  8 orb spiders
  6 komodo dragons
  2 mermaids
  5 ancient zymes
  42 guardian mummies
  2 giant fireflies (shapeshifter)
  2 jumping spiders (shapeshifter)
  A troll (shapeshifter) (Depths:2)
  A troll (D:11)
  A tengu conjurer (Depths:1)
  2 thorn lotuses (Forest:3)
  19 hellwings
  8 jumping spiders
  A spriggan (shapeshifter) (D:15)
  A deep elf priest (Depths:3)
  15 blue devils
  32 spriggans
  13 red devils
  6 iron devils
  A polar bear (Forest:5)
  13 giant fireflies
  A formicid drone (Spider:5)
  A giant leech (Abyss:5)
  A wolf spider simulacrum (IceCv)
  3 snapping turtles
  19 slime creatures
  14 two-headed ogres
  A frost giant simulacrum (Vaults:3)
  3 brown oozes
  2 guardian serpent skeletons (Abyss:1)
  A grizzly bear (shapeshifter) (Depths:2)
  4 ice dragon zombies
  5 bog bodies
  8 grizzly bears
  16 shadows
  22 flying skulls
  An ice dragon skeleton (Coc:7)
  An air elemental (Forest:5)
  12 redbacks
  A fire dragon skeleton (Pan)
  8 trapdoor spiders
  An ettin skeleton (Pan)
  12 ynoxinuls
  36 ugly things
  7 tarantellas
  A tarantella (shapeshifter) (Vaults:5)
  12 metal gargoyles (Dis:7)
  A basilisk (Lair:7)
  5 sharks
  3 wraiths
  23 yaks
  4 hungry ghosts
  A hill giant zombie (D:13)
  8 deep elf magi
  4 water elementals
  7 golden eyes
  3 vampires
  19 wolves
  8 chaos spawn
  11 hippogriffs
  8 neqoxecs
  6 merfolk
  8 deep elf fighters
  A wyvern (D:12)
  A human (shapeshifter) (Depths:2)
  An agate snail zombie (D:16)
  4 manticores
  2 vampire mosquitoes (Vaults:3)
  A death yak simulacrum (IceCv)
  2 mottled dragons
  2 necrophages (Tomb:3)
  2 sky beasts
  8 hell hounds
  7 orc warriors
  A swamp drake (Lair:8)
  22 freezing wraiths
  5 black bears
  11 small abominations
  6 yellow wasps
  7 ice beasts
  2 dwarves (Orc:2)
  10 centaurs
  8 crocodiles
  A fire bat (Abyss:3)
  20 ogres
  2 tengu (Depths:1)
  9 giant goldfish
  6 spriggan simulacra (IceCv)
  2 rotting devils (Pan)
  An octopode zombie (Abyss:5)
  A brain worm (shapeshifter) (Vaults:4)
  4 water moccasins
  A giant slug (Vaults:3)
  A lava worm (Pan)
  A big kobold (D:10)
  4 giant frogs
  10 brain worms
  A yaktaur zombie (Tomb:3)
  5 wargs
  3 agate snails
  7 eyes of draining
  4 insubstantial wisps (Abyss:5)
  A killer bee (shapeshifter) (Vaults:5)
  8 killer bees
  2 shark zombies (Coc:7)
  9 jellyfish
  11 wights
  2 troll skeletons
  A hippogriff skeleton (D:6)
  2 electric eels
  2 lava snakes (Pan)
  2 goliath beetles
  A yellow wasp zombie (D:10)
  9 iron imps
  3 orc priests
  6 big fish
  A jelly (D:6)
  3 orc wizards
  4 scorpions
  11 hounds
  6 iguanas
  A draconian simulacrum (IceCv)
  11 worker ants
  2 wolf simulacra (IceCv)
  A sheep (Shoals:3)
  5 troll simulacra (IceCv)
  An ogre zombie (Depths:3)
  A mottled dragon zombie (D:12)
  2 centaur simulacra (IceCv)
  5 boggarts
  A hound zombie (D:6)
  A hound skeleton (D:11)
  6 mummies
  7 adders
  A big fish zombie (Coc:7)
  7 gnolls
  8 green rats
  3 ogre simulacra (IceCv)
  2 giant centipedes (D:11)
  4 giant mites
  13 white imps
  2 naga simulacra (IceCv)
  A worm (Depths:1)
  13 ufetubi
  An adder zombie (D:7)
  An iguana skeleton (D:4)
  12 giant eyeballs
  4 giant geckos
  3 oozes
  19 orcs
  14 bats
  2 bat skeletons
  A bat zombie (D:5)
  5 giant cockroaches
  9 goblins
  11 hobgoblins
  7 jackals
  22 kobolds
  6 quokkas
  A ball python (D:1)
  5 giant newts (D:6)
  3 illusory rakshasas (Depths:2)
  4 lurking horrors
  An orc skeleton (D:5)
  2 orc zombies
  12 rats
  3 butterflies
  A fungus (Lair:7)
  2 plants
  A snaplasher vine (Forest:2)
  2 starspawn tentacles (Abyss:3)
  3 tentacles
1840 creatures vanquished.

Vanquished Creatures (collateral kills)
  Margery (Forest:5)
  A profane servitor (Pan)
  The ghost of Psiweapon the Slayer, a great GrFi of Okawaru (Slime:6)
  A bone dragon (Depths:3)
  2 tentacled monstrosities
  The ghost of Psiweapon the Imperceptible, a mighty NaWz of Cheibriados (Elf:3)
  A deep elf master archer (Elf:3)
  A thorn hunter (Forest:3)
  A kraken (Shoals:4)
  8 acid blobs
  Agnes (Shoals:5)
  Frances (Shoals:2)
  Kirke (Elf:3)
  Ilsuiw (Shoals:3)
  A tengu reaver (Depths:2)
  5 azure jellies
  4 deep elf sorcerers (Elf:3)
  4 emperor scorpions
  Aizul (Shoals:1)
  A frost giant (Shoals:4)
  A vault warden (Vaults:5)
  Jorgrun (Shoals:5)
  A spriggan defender (Forest:5)
  3 apis
  3 stone giants
  A deep elf demonologist (Elf:3)
  6 deep elf annihilators (Elf:3)
  A blizzard demon (Pan)
  A satyr (Forest:5)
  The ghost of Somebody the Necromancer, a powerful DENe of Kikubaaqudgha (Orc:3)
  4 merfolk javelineers
  2 ettins
  4 deep elf death magi (Elf:3)
  8 merfolk impalers (Shoals:5)
  2 spriggan air magi (Forest:5)
  A death ooze (Slime:6)
  2 fire dragons
  A great orb of eyes (Slime:6)
  2 sirens (Shoals:5)
  2 deep elf high priests (Elf:3)
  A yaktaur captain (Depths:3)
  3 ice dragons
  3 ogre magi
  3 hydras
  A merfolk aquamancer (Shoals:5)
  2 anacondas
  Urug (Orc:4)
  A spriggan assassin (Forest:3)
  A ravenous feature mimic (Depths:2)
  A spriggan berserker (Forest:5)
  5 death yaks
  2 large abominations
  A naga warrior (Depths:2)
  2 orc high priests
  3 very ugly things
  2 spectral elves (Elf:3)
  A dryad (Forest:1)
  4 iron golems (Dis:7)
  3 centaur warriors
  A soul eater (Tomb:2)
  7 hell knights
  A water nymph (Forest:3)
  4 sea snakes
  13 fauns
  8 deep elf knights
  3 deep trolls
  An ironbrand convoker (Vaults:4)
  2 unseen horrors (Abyss:5)
  A faun (shapeshifter) (Depths:3)
  A lindwurm (shapeshifter) (D:15)
  2 ice statues (Hell)
  Erolcha (D:12)
  14 harpies
  3 orc knights
  13 wolf spiders
  6 giant amoebae
  6 deep elf conjurers
  3 oklob plants
  9 red wasps
  6 hill giants
  5 shining eyes
  2 griffons
  2 harpies (shapeshifter)
  2 orc sorcerers
  18 slime creatures
  2 sixfirhies
  8 cyclopes
  2 elephants (Lair:8)
  A deep elf summoner (Elf:1)
  A spiny worm (Vaults:1)
  An octopode (Shoals:1)
  2 black mambas
  5 spiny frogs
  8 spirit wolves (Forest:3)
  A tormentor (Coc:7)
  6 mermaids
  12 demonic crawlers
  19 guardian mummies
  4 komodo dragons
  9 deep elf priests
  A fire drake (Lair:8)
  An iron devil (Dis:7)
  2 yaktaurs (Depths:3)
  5 spriggans
  2 giant fireflies (Forest:2)
  6 orb spiders
  A red devil (Depths:3)
  An iron troll skeleton (Tomb:3)
  6 snapping turtles
  17 jumping spiders
  6 polar bears
  A wind drake (Forest:2)
  4 thorn lotuses
  A komodo dragon (shapeshifter) (D:15)
  2 two-headed ogres (Depths:3)
  6 trolls
  A blue devil (Coc:7)
  A boulder beetle (Lair:8)
  14 blink frogs
  3 brown oozes
  3 flying skulls
  3 basilisks (Lair:8)
  2 brown oozes (shapeshifter)
  4 grizzly bears
  An air elemental (Forest:5)
  A vampire (D:13)
  24 yaks
  14 trapdoor spiders
  2 wyverns
  9 tarantellas
  36 redbacks
  18 ugly things
  7 deep elf magi
  2 sharks (Spider:2)
  7 water elementals
  4 golden eyes
  A hog (shapeshifter) (Depths:1)
  9 hippogriffs
  22 wolves
  A golden eye (shapeshifter) (Depths:2)
  23 merfolk
  A metal gargoyle (Dis:7)
  8 deep elf fighters
  2 manticores (shapeshifter)
  3 shadows
  8 manticores
  4 hogs (Elf:3)
  3 mottled dragons
  A vampire mosquito (Vaults:3)
  A hell hound (Lair:8)
  11 orc warriors
  3 porcupines
  A sky beast (D:13)
  2 black bears (Lair:8)
  6 giant goldfish
  12 ice beasts
  3 yellow wasps (Spider:5)
  5 ogres
  6 centaurs
  9 crocodiles
  A phantom (Dis:7)
  5 wargs
  A big kobold (D:14)
  A brain worm (Spider:5)
  A boring beetle (Lair:6)
  A giant slug (Lair:7)
  3 giant frogs
  8 water moccasins
  A giant slug (shapeshifter) (Depths:2)
  5 agate snails
  2 eyes of draining (Slime:5)
  6 killer bees
  An electric eel (Lair:3)
  3 jellyfish
  A shark zombie (Coc:7)
  A wight (Tomb:3)
  A yak skeleton (D:12)
  2 crimson imps
  2 goliath beetles
  A quasit (Pan)
  11 hounds
  2 orc priests
  A yaktaur simulacrum (Tomb:3)
  15 spiders
  A basilisk zombie (D:12)
  An iguana (Lair:8)
  5 big fish
  3 jellies
  3 scorpions
  An orange rat (Elf:1)
  11 orc wizards
  15 sheep
  A mottled dragon zombie (D:12)
  6 mummies
  7 adders
  39 green rats
  A mottled dragon simulacrum (D:14)
  3 giant centipedes
  A giant mite (Spider:1)
  A white imp (Coc:7)
  A goliath beetle zombie (D:13)
  A worm (D:12)
  An ufetubus (Abyss:5)
  A giant eyeball (Slime:1)
  4 giant geckos
  An ooze (Slime:6)
  31 orcs
  5 bats
  A giant cockroach (Spider:2)
  6 goblins
  4 hobgoblins
  16 jackals
  3 quokkas
  5 kobolds (D:14)
  2 orc zombies (Orc:4)
  4 rats
  7 spectral orcs (Orc:4)
  A bush (Lair:3)
  6 butterflies
  4 fungi
  6 plants
  2 snaplasher vines (Forest:2)
  7 tentacles
997 creatures vanquished.

Vanquished Creatures (others)
  3 eldritch tentacles
  8 orc warlords
  An iron dragon (Depths:2)
  2 orc high priests
  A naga warrior (Depths:2)
  A sun demon (Pan)
  Nergalle (Orc:4)
  5 orc sorcerers
  A ball lightning (Pan)
  A harpy (Shoals:1)
  A wizard (Depths:2)
  A red wasp (Forest:5)
  17 orc knights
  A stone giant zombie (Depths:2)
  A stone giant skeleton (Tomb:2)
  A water elemental (Coc:7)
  5 air elementals
  A smoke demon (Pan)
  A hydra zombie (Depths:2)
  A guardian mummy (Tomb:2)
  A red devil (Vaults:4)
  A yaktaur (Depths:3)
  11 fire elementals
  Blork the orc (Orc:4)
  A flying skull (Coc:7)
  A centaur (Vaults:4)
  A manticore (Shoals:5)
  30 orc warriors
  An ogre (Vaults:5)
  A rotting devil (Elf:3)
  26 orc wizards
  A killer bee (Depths:1)
  A jellyfish (Pan)
  An electric eel (Spider:2)
  47 orc priests
  2 two-headed ogre zombies (Depths:2)
  A scorpion (D:4)
  A sheep (Vaults:2)
  2 ogre zombies (Depths:2)
  3 mummies (Tomb:2)
  A worm (Depths:1)
  A naga simulacrum (IceCv)
  A white imp (Coc:7)
  6 ufetubi (Pan)
  5 chimeras
  130 orcs
  A giant cockroach (D:4)
  A hobgoblin (D:4)
  A giant gecko (D:4)
  A lurking horror (Abyss:5)
  A butterfly (Depths:1)
  221 eldritch tentacle segments
  8 plants
  11 snaplasher vine segments
  13 starspawn tentacles
  24 starspawn tentacle segments
  9 tentacles
  167 tentacle segments
790 creatures vanquished.

Grand Total: 3627 creatures vanquished

Notes
Turn   | Place    | Note
--------------------------------------------------------------
     0 | D:1      | 4tharraofdagon, the Hill Orc Fighter, began the quest for the Orb.
     0 | D:1      | Reached XP level 1. HP: 19/19 MP: 1/1
   114 | D:1      | Reached XP level 2. HP: 16/27 MP: 2/2
   248 | D:2      | Reached skill level 4 in Fighting
   248 | D:2      | Reached XP level 3. HP: 19/33 MP: 3/3
   259 | D:2      | Gained mutation: Your muscles are strong. (Str +2) [potion of mutation]
   259 | D:2      | Gained mutation: You occasionally shout uncontrollably. [potion of mutation]
   262 | D:3      | Gained mutation: Your mind is acute. (Int +2) [potion of mutation]
   262 | D:3      | Gained mutation: You are covered in fur (AC +1). [potion of mutation]
   262 | D:3      | Gained mutation: Your flesh is heat resistant. [potion of mutation]
   470 | D:4      | Became a worshipper of Beogh the Brigand
   483 | D:5      | Entered Level 5 of the Dungeon
   483 | D:5      | Found a blossoming altar of Fedhas.
   636 | D:5      | Reached XP level 4. HP: 27/40 MP: 4/4
   823 | D:4      | Found a bloodstained altar of Trog.
   823 | D:4      | Noticed an eye of draining
   823 | D:4      | Noticed an eye of draining
   848 | D:4      | Killed an eye of draining
   848 | D:4      | Reached XP level 5. HP: 45/47 MP: 0/5
   859 | D:4      | Killed an eye of draining
   928 | D:4      | Reached XP level 6. HP: 38/55 MP: 6/6
   953 | D:4      | Found a staircase to the Ecumenical Temple.
  1007 | D:4      | Acquired Beogh's first power
  1063 | D:3      | Reached skill level 5 in Fighting
  1063 | D:3      | Reached skill level 5 in Maces & Flails
  1364 | D:5      | Noticed a sky beast
  1397 | D:5      | Killed a sky beast
  1397 | D:5      | Reached skill level 5 in Armour
  1397 | D:5      | Reached XP level 7. HP: 32/61 MP: 7/7
  1618 | D:6      | Noticed a giant goldfish
  1645 | D:6      | Acquired Beogh's second power
  1670 | D:6      | Reached skill level 6 in Maces & Flails
  1695 | D:6      | Reached skill level 1 in Invocations
  1736 | D:6      | Noticed a giant goldfish
  1739 | D:6      | Noticed a sky beast
  1768 | D:6      | Killed a sky beast
  1768 | D:6      | Reached skill level 1 in Evocations
  1815 | D:6      | Reached XP level 8. HP: 44/70 MP: 10/10
  1954 | D:6      | Noticed a giant goldfish
  2100 | D:7      | Reached skill level 7 in Maces & Flails
  2294 | D:7      | Reached skill level 1 in Spellcasting
  2450 | D:8      | Acquired Beogh's third power
  2533 | D:8      | Reached XP level 9. HP: 56/78 MP: 15/15
  2927 | D:9      | Reached skill level 8 in Maces & Flails
  3134 | D:10     | Entered Level 10 of the Dungeon
  3272 | D:10     | Reached skill level 5 in Invocations
  3299 | D:10     | Reached skill level 9 in Maces & Flails
  3299 | D:10     | Reached XP level 10. HP: 58/86 MP: 18/18
  3325 | D:10     | Reached skill level 5 in Evocations
  3412 | D:9      | Found a radiant altar of Vehumet.
  3412 | D:9      | Found a glowing silver altar of Zin.
  3700 | D:11     | 4tharraofdagon: brb
  3789 | D:12     | Noticed Erolcha
  3854 | D:11     | Paralysed by a giant eyeball for 2 turns
  4009 | D:10     | Found a white marble altar of Elyvilon.
  4009 | D:10     | Noticed an angel
  4056 | D:10     | Found a staircase to the Lair.
  4057 | D:10     | Noticed a komodo dragon
  4090 | D:10     | Killed a komodo dragon
  4104 | Lair:1   | Entered Level 1 of the Lair of Beasts
  4210 | D:10     | Acquired Beogh's fourth power
  4684 | D:12     | Found a staircase to the Orcish Mines.
  4735 | Orc:1    | Entered Level 1 of the Orcish Mines
  4735 | Orc:1    | Found an iron altar of Okawaru.
  4922 | Orc:2    | Reached skill level 10 in Maces & Flails
  5057 | Orc:3    | Found a roughly hewn altar of Beogh.
  5070 | Orc:3    | Found a staircase to the Elven Halls.
  5088 | Orc:3    | Gained Boruk as an ally
  5217 | Orc:2    | Found an iron altar of Okawaru.
  5329 | Orc:2    | Found a bloodstained altar of Trog.
  5485 | Orc:4    | Entered Level 4 of the Orcish Mines
  5485 | Orc:4    | Found Ciukalugh's Magic Scroll Boutique.
  5485 | Orc:4    | Found Shriagy's Antique Weapon Shop.
  5502 | Orc:4    | bart: gdzie topór
  5505 | Orc:4    | 4tharraofdagon: jest cos lepszego
  5505 | Orc:4    | Bought a scroll of teleportation for 39 gold pieces
  5505 | Orc:4    | Bought a scroll of enchant armour for 71 gold pieces
  5505 | Orc:4    | Bought a scroll of enchant weapon III for 260 gold pieces
  5505 | Orc:4    | Bought a scroll of enchant armour for 71 gold pieces
  5505 | Orc:4    | Bought a scroll of teleportation for 39 gold pieces
  5505 | Orc:4    | Bought 3 scrolls of fog for 78 gold pieces
  5505 | Orc:4    | Bought a scroll of noise for 13 gold pieces
  5505 | Orc:4    | Bought a scroll of fog for 26 gold pieces
  5505 | Orc:4    | Bought a scroll of immolation for 45 gold pieces
  5508 | Orc:4    | wojtek: demobicz?
  5515 | Orc:4    | bart: co może być lepszego od toporu
  5515 | D:10     | wojtek: co może być lepszego od +9 vampiric executioner's battleaxe
  5515 | D:10     | bart: eudemon
  5515 | D:10     | 4tharraofdagon: sacred scourge
  5515 | D:10     | bart: nie
  5515 | D:10     | bart: właśnie
  5515 | D:10     | bart: nie mogłem sobie przypomnieć nazwy
  5515 | D:10     | 4tharraofdagon: no,dawno niewidzialem tego cuda
  5515 | D:10     | bart: taki sobie jest
  5515 | Orc:4    | bart: jednoręczny :P
  5521 | Orc:4    | wojtek: właśnie... z tego co rozumiem, to jest fenomenalne dla extended game?
  5528 | Orc:4    | Found a bloodstained altar of Trog.
  5548 | Orc:4    | wojtek: (a dla 3-rune game pewnie pain od Kiku byłby odpowiednikiem?)
  5572 | Orc:4    | Found Ifirchoil's Distillery.
  5582 | Orc:4    | Bought a potion of heal wounds for 42 gold pieces
  5582 | Orc:4    | Bought a potion of heal wounds for 42 gold pieces
  5582 | Orc:4    | Bought a potion of berserk rage for 42 gold pieces
  5582 | Orc:4    | bart: pain od kiku na 3-runnera ma pewną wadę.
  5582 | Orc:4    | Bought a potion of agility for 35 gold pieces
  5582 | Orc:4    | Bought a potion of curing for 28 gold pieces
  5582 | Orc:4    | Bought a potion of curing for 28 gold pieces
  5582 | Orc:4    | Bought a potion of curing for 28 gold pieces
  5582 | Orc:4    | Bought a potion of curing for 28 gold pieces
  5582 | Orc:4    | Bought a potion of brilliance for 35 gold pieces
  5582 | Orc:4    | Bought 2 potions of brilliance for 70 gold pieces
  5582 | Orc:4    | Bought a potion of restore abilities for 42 gold pieces
  5582 | Orc:4    | Bought a potion of curing for 28 gold pieces
  5591 | Orc:4    | bart: nie zabija orb of fire i golemów.
  5595 | Orc:4    | wojtek: aha
  5616 | Orc:4    | archaeo: are we trying to be the fastest Orc Jesus?
  5631 | Orc:4    | Gained Boldo as an ally
  5635 | Orc:4    | Noticed an orc knight
  5636 | Orc:4    | Your ally Boldo died
  5685 | Orc:4    | Reached XP level 11. HP: 95/95 MP: 22/22
  5753 | Orc:3    | bart: I bet he's going to abandon beogh as soon as it's safe.
  5759 | Orc:4    | Noticed an orc high priest
  5759 | Orc:4    | 4tharraofdagon: naa
  5762 | Orc:4    | bart: that's called unfaithful Judas.
  5764 | Orc:4    | archaeo: being Orc Judas is rough
  5767 | Orc:4    | Killed an orc high priest
  5784 | Orc:4    | Noticed Nergalle
  5784 | Orc:4    | Noticed an orc sorcerer
  5785 | Orc:4    | Noticed Blork the orc
  5787 | Orc:4    | Noticed Urug
  5789 | Orc:4    | bart: I never minded. Much less interesting than trog's renegade.
  5796 | Orc:4    | Killed an orc sorcerer
  5797 | Orc:4    | Your ally Boruk died
  5801 | Orc:4    | Blork the orc (ally) was killed
  5801 | Orc:4    | Your ally died
  5818 | Orc:4    | archaeo: I mean to be perfectly honest
  5819 | Orc:3    | archaeo: I've never worshipped beogh
  5819 | Orc:3    | Noticed Somebody's ghost (powerful DENe)
  5820 | Orc:3    | archaeo: though if I did I would want to come down here with more piety to get those sexy uniques
  5828 | Orc:3    | bart: beogh's summons are relatively weak and smite is forgettable
  5865 | Orc:4    | bart: so yeah, you can just abandon him midgame and live safely
  5894 | Orc:3    | wojtek: lol
  5894 | Orc:3    | :)
  5906 | Orc:3    | bart: and about coming here early - it's quite easy to clean it + orc followers level up quite quickly
  5906 | Orc:3    | 4tharraofdagon: i recently studied beogh
  5963 | Orc:4    | Acquired Beogh's fifth power
  5992 | Orc:4    | wojtek: but these guys level up.. isn't it easier to play with beogh while trying to keep few summons?
  6003 | Orc:4    | Noticed Saint Roka
  6008 | Orc:4    | wojtek: from what I gather, Saint Roka can be converted too
  6008 | Orc:4    | bart: they are meatshield, you'll get new ones
  6008 | Orc:4    | 4tharraofdagon: yap
  6014 | Orc:4    | bart: and eventually you will abandon beogh or lose orcs anyway due to some unqiue.
  6016 | Orc:4    | bart: they are extremely stupid and extremely weak against spells.
  6019 | Orc:4    | an orc knight (ally) was killed
  6022 | Orc:4    | bart: I did once my best, but still I was only able to get two of them to zot
  6027 | Orc:4    | wojtek: I see
  6027 | Orc:4    | wojtek: I saw someone with two orcs in Cocytus I think
  6027 | Orc:4    | bart: beogh gifts them
  6027 | Orc:4    | wojtek: he used wands of healing and hasting on them
  6027 | Orc:4    | wojtek: heck, too bad the crawl-tv only uses terminal output
  6027 | Orc:4    | bart: 4th, did you drink also might potion? this roka went down really quickly.
  6027 | Orc:4    | wojtek: when you look at webtiles, you just can't go back to a text mode
  6027 | Orc:4    | 4tharraofdagon: hmm
  6027 | Orc:4    | bart: actually that's a stupid question, I think berserk grants atm the same bonus as might regarding damage boost
  6027 | Orc:4    | 4tharraofdagon: should i run now?
  6027 | Orc:4    | bart: why
  6027 | Orc:4    | 4tharraofdagon: conversion
  6027 | Orc:4    | 4tharraofdagon: i dont want to kill him
  6027 | Orc:4    | bart: if he's going to convert, he will do that after you hit him
  6027 | Orc:4    | 4tharraofdagon: orly
  6027 | Orc:4    | bart: orcs do that instead of dying ;)
  6028 | Orc:4    | bart: + it's somewhat piety dependent
  6031 | Orc:4    | Nergalle (ally) was killed
  6031 | Orc:4    | Your ally died
  6034 | Orc:4    | 4tharraofdagon: what now,smite?
  6034 | Orc:4    | bart: wands?
  6034 | Orc:4    | bart: ahh
  6034 | Orc:4    | bart: yeah, go for it
  6034 | Orc:4    | Killed Saint Roka
  6034 | Orc:4    | Reached skill level 11 in Maces & Flails
  6043 | Orc:4    | bart: he didn't understand your religion, sorry.
  6064 | Orc:4    | archaeo: welp
  6069 | Orc:4    | archaeo: only room for one saint
  6098 | Orc:4    | wojtek: heck, wiki says that Nergalle is convertible too
  6105 | Orc:4    | archaeo: does Roka gain HD the same way other durable allies do?
  6144 | Orc:4    | Noticed Fannar
  6146 | Orc:4    | wojtek: yeah, leveling up Nergalle and Saint Roka sounds cool
  6154 | Orc:4    | bart: I don't know
  6155 | Orc:4    | Killed Fannar
  6169 | Orc:4    | archaeo: from what I've heard, the best way to use beogh in extended is to just have a few really buff bros
  6199 | Orc:4    | Noticed an orc knight
  6201 | Orc:4    | Noticed an orc sorcerer
  6205 | Orc:4    | bart: they don't follow through portals from main dungeon
  6205 | Orc:4    | archaeo: you can give them some really metal equipment, after all
  6208 | Orc:4    | bart: unless it was changed
  6209 | Orc:4    | Killed an orc knight
  6210 | Orc:4    | Killed an orc sorcerer
  6212 | Orc:4    | archaeo: can't you recall them?
  6225 | Orc:4    | bart: again, not unless it was changed
  6228 | Orc:4    | archaeo: huh
  6229 | Orc:4    | Killed Urug
  6239 | Orc:4    | archaeo: that's kind of dumb
  6243 | Orc:4    | Found a roughly hewn altar of Beogh.
  6248 | Orc:4    | Found Phuodem's General Store.
  6257 | Orc:4    | bart: + it's really impossible to keep them alive in hells/pan
  6267 | Orc:4    | Found Phynkot's Antique Weapon Boutique.
  6273 | Orc:4    | wojtek: wiki says there's "Recall orcish followers" ability at ****
  6277 | Orc:4    | bart: they will just die to first torment/hellfire combo.
  6302 | Orc:4    | Found Fetzelin's Jewellery Boutique.
  6304 | Orc:4    | bart: yes, it works on allies on the same level
  6318 | Orc:4    | Found Claraat's Antique Armour Boutique.
  6325 | Orc:4    | Bought a glowing helmet for 82 gold pieces
  6393 | Orc:4    | archaeo: I mean I know for a fact
  6394 | Orc:4    | archaeo: that maybe Yermak or somebody
  6415 | Orc:4    | archaeo: won a 15-rune beogh orc with some buff-ass allies
  6465 | Orc:3    | Killed Somebody's ghost
  6574 | Orc:4    | Bought a scroll of blinking for 66 gold pieces
  6574 | Orc:4    | Bought a scroll of enchant weapon II for 66 gold pieces
  6574 | Orc:4    | Bought a scroll of blinking for 66 gold pieces
  6574 | Orc:4    | Bought a potion of restore abilities for 36 gold pieces
  6574 | Orc:4    | Bought a scroll of identify for 24 gold pieces
  6574 | Orc:4    | Bought a potion of restore abilities for 36 gold pieces
  6821 | D:12     | Noticed a hill giant
  6829 | D:12     | Killed a hill giant
  6829 | D:12     | Reached XP level 12. HP: 88/105 MP: 24/24
  6836 | D:12     | Gained Boruk as an ally
  6880 | D:12     | Gained Agrik as an ally
  6925 | D:13     | Noticed a seven-headed hydra
  6931 | D:13     | Killed an eight-headed hydra
  6994 | D:12     | Gained Orbeogh as an ally
  7194 | D:14     | Your ally Boruk died
  7231 | D:14     | Gained Garbold as an ally
  7249 | D:14     | Reached skill level 10 in Fighting
  7279 | D:15     | Entered Level 15 of the Dungeon
  7279 | D:15     | Found a gate to the Vaults.
  7286 | D:15     | Reached skill level 12 in Maces & Flails
  7332 | D:16     | Entered Level 16 of the Dungeon
  7404 | D:16     | Reached skill level 5 in Spellcasting
  7571 | D:15     | Learned a level 2 spell: Repel Missiles
  7575 | D:15     | Learned a level 3 spell: Regeneration
  7578 | D:15     | Learned a level 2 spell: Shroud of Golubria
  7739 | D:15     | Reached skill level 1 in Charms
  7775 | D:14     | Gained Koronagh as an ally
  7809 | D:14     | Your ally Koronagh died
  7826 | D:14     | Found a glowing silver altar of Zin.
  7874 | D:13     | Gained Bogdan as an ally
  8135 | D:16     | Reached skill level 10 in Armour
  8140 | D:16     | Yermak: Hi people
  8143 | D:16     | Turgon: Hi Yermak
  8170 | D:16     | Yermak: Does Beogh grant same recall as Yred?
  8178 | D:16     | Yermak: So you can recall from other floors?
  8199 | D:16     | Reached XP level 13. HP: 114/114 MP: 26/26
  8201 | D:16     | Noticed an ogre mage
  8205 | D:16     | Noticed an ettin
  8214 | D:16     | Killed an ogre mage
  8214 | D:16     | Reached skill level 13 in Maces & Flails
  8229 | D:16     | Killed an ettin
  8229 | D:16     | Reached skill level 5 in Shields
  8244 | D:16     | Turgon: Sorry, no experience with Beogh
  8289 | D:16     | Found a staircase to the Depths.
  8302 | Depths:1 | Entered Level 1 of the Depths
  8330 | D:16     | 4tharraofdagon: do you know if its possible to stop recieving new followers?
  8452 | D:15     | Turgon: lol
  8472 | D:14     | Turgon: Maybe when you quit him...
  8513 | D:13     | Daniel: can you recall between floors?
  8694 | D:10     | Turgon: Nobody seems to know the answer, Yermak asked this before
  8712 | D:10     | Killed an angel
  8720 | D:10     | Daniel: because i read sometime ago that you can do it
  8720 | D:10     | Daniel: and wonder if that was nerfed or cut out
  8762 | D:10     | Daniel: the guy who posted it made a picture
  8777 | D:10     | Daniel: with 100+ orcs
  9016 | Lair:2   | bart: nice wep
  9047 | Lair:3   | Found a frozen archway.
  9092 | Lair:3   | Turgon: I don't know what's the idea of running around with hundreds of orcs doing the job for you
  9120 | Lair:3   | Turgon: So Beogh never interested me
  9152 | IceCv    | Entered an ice cave
  9497 | IceCv    | Turgon: Yermak, what's about your spriggan of Jiyva?
  9504 | IceCv    | Found an ancient bone altar of Kikubaaqudgha.
  9511 | IceCv    | Turgon: Got some Str finally?
  9647 | IceCv    | Got a glittering tin ring
  9811 | Lair:3   | Identified the ring "Yneuqisch" {Ice Str+2 Dex+3} (You found it in an ice cave)
  9869 | Lair:4   | Gained Brandogh as an ally
  9956 | Lair:5   | Gained Marbork as an ally
 10011 | Lair:6   | Found a hole to the Spider Nest.
 10029 | Lair:7   | Your ally Brandogh died
 10103 | Lair:8   | Entered Level 8 of the Lair of Beasts
 10118 | Lair:8   | Reached skill level 5 in Charms
 10210 | Lair:8   | Reached XP level 14. HP: 102/124 MP: 27/27
 10394 | Lair:8   | Gained mutation: Your mind is very acute. (Int +4) [potion of beneficial mutation]
 10528 | Lair:8   | Got a fine trident
 10549 | Lair:8   | Reached skill level 14 in Maces & Flails
 11299 | Lair:7   | Found a viscous altar of Jiyva.
 11301 | Lair:7   | Found a staircase to the Slime Pits.
 11436 | Lair:6   | Yermak: Haven't played since then
 11501 | Spider:1 | Entered Level 1 of the Spider Nest
 11513 | Spider:1 | Identified the cursed -2,+1 trident of the Median {slay drac, +Blink rC+} (You found it on level 8 of the Lair of Beasts)
 11513 | Spider:1 | Identified the cursed -2,+1 trident of the Median {slay drac, +Blink rC+} (You found it on level 8 of the Lair of Beasts)
 11542 | Spider:1 | wojtek: o... misiaczki już przypakowane
 12023 | Spider:4 | Noticed an emperor scorpion
 12045 | Spider:4 | Killed an emperor scorpion
 12051 | Spider:4 | Reached XP level 15. HP: 61/130 MP: 28/28
 12087 | Spider:4 | Reached skill level 10 in Shields
 12158 | Spider:4 | Noticed an emperor scorpion
 12172 | Spider:4 | Killed an emperor scorpion
 12221 | Spider:4 | Paralysed by a red wasp for 3 turns
 12266 | Spider:5 | Entered Level 5 of the Spider Nest
 12267 | Spider:5 | :o
 12272 | Spider:5 | Reached skill level 15 in Maces & Flails
 12629 | Spider:5 | Mulzaro: wut, where did you get a sacred scourge? :D
 12656 | Spider:5 | Yermak: from angel guarding Zig entrance
 12656 | Spider:5 | 4tharraofdagon: angel
 12656 | Spider:5 | Mulzaro: dayym
 12825 | Spider:5 | Got a gossamer rune of Zot
 13552 | Lair:5   | Noticed Snorg
 13558 | Lair:5   | Killed Snorg
 13612 | Lair:5   | Mulzaro: Snorg, such challenge, wow, much damage
 13694 | Lair:4   | Found a snail-covered altar of Cheibriados.
 13823 | Lair:3   | Found a staircase to the Shoals.
 13836 | Shoals:1 | Entered Level 1 of the Shoals
 13917 | Shoals:1 | Noticed Aizul
 13932 | Shoals:1 | Killed Aizul
 14008 | Shoals:2 | Noticed Frances
 14020 | Shoals:2 | Killed Frances
 14038 | Shoals:3 | Noticed Ilsuiw
 14040 | Shoals:3 | Reached XP level 16. HP: 102/138 MP: 29/29
 14050 | Shoals:3 | Killed Ilsuiw
 14207 | Shoals:3 | Noticed a kraken
 14225 | Shoals:3 | Killed a kraken
 14225 | Shoals:3 | Reached skill level 10 in Charms
 14353 | Shoals:4 | Identified a scroll of acquirement
 14381 | Shoals:5 | Entered Level 5 of the Shoals
 14486 | Shoals:5 | Learned a level 6 spell: Haste
 14486 | Shoals:5 | Mulzaro: Anyone know if the devs try to get rid of "mandatory" spells. The swiftness nerf would promote that.
 14487 | Shoals:5 | Got a twisted robe
 14609 | Shoals:5 | Noticed Jorgrun
 14626 | Shoals:5 | Your ally Marbork died
 14630 | Shoals:5 | Killed Jorgrun
 14688 | Shoals:5 | Noticed Agnes
 14691 | Shoals:5 | Your ally Orbeogh died
 14694 | Shoals:5 | Killed Agnes
 14765 | Shoals:5 | Identified the +0 robe of the Forgotten Planets {Str+1 Int+3} (You found it on level 5 of the Shoals)
 14929 | Shoals:5 | Noticed a kraken
 14946 | Shoals:5 | Killed a kraken
 15033 | Shoals:5 | Identified The Almanac of Greatest Risks and Utility (You found it on level 5 of the Shoals)
 15323 | Shoals:4 | Noticed a kraken
 15337 | Shoals:4 | Killed a kraken
 15504 | Lair:3   | Got a brightly glowing iron ring
 15628 | Lair:1   | Learned a level 1 spell: Apportation
 15631 | Lair:1   | Learned a level 2 spell: Blink
 15727 | D:12     | Killed Erolcha
 15765 | D:12     | Noticed a hill giant
 15770 | D:12     | Killed a hill giant
 15835 | Orc:4    | Bought a +0 pearl dragon hide for 1519 gold pieces
 15885 | Orc:4    | wojtek: hmm, when do they pick up/switch equipment?
 15889 | Orc:4    | 4tharraofdagon: idk
 15926 | Elf:1    | Entered Level 1 of the Elven Halls
 15989 | Elf:1    | Found Wunis' Book Shoppe.
 16027 | Elf:1    | Paralysed by an orc sorcerer for 2 turns
 16031 | Elf:1    | Reached skill level 1 in Translocations
 16035 | Elf:1    | killgu: why didn't he pick up the shoal rune?
 16087 | Elf:1    | 4tharraofdagon: omg
 16087 | Elf:1    | Yermak: lol
 16087 | Elf:1    | 4tharraofdagon: WTF
 16087 | Elf:1    | 4tharraofdagon: can you add message
 16087 | Elf:1    | killgu: what message
 16087 | Elf:1    | 4tharraofdagon: Do you really want to leave this level leaving the rune?
 16087 | Elf:1    | killgu: no
 16087 | Elf:1    | 4tharraofdagon: fuck
 16087 | Elf:1    | 4tharraofdagon: this
 16419 | Elf:3    | Entered Level 3 of the Elven Halls
 16502 | Elf:3    | Noticed Kirke
 16510 | Elf:3    | Killed Kirke
 16549 | Elf:3    | Reached XP level 17. HP: 56/144 MP: 29/29
 16586 | Elf:3    | Noticed Psiweapon's ghost (mighty NaWz)
 16608 | Elf:3    | Killed Psiweapon's ghost
 16630 | Elf:3    | Identified the ring "Psuidit" {Str+1 Int-1 SInv} (You found it on level 3 of the Lair of Beasts)
 16687 | Elf:3    | Noticed 4tharraofdagon's ghost (mighty DjWn)
 16701 | Elf:3    | Killed 4tharraofdagon's ghost
 16722 | Elf:3    | Noticed a deep elf blademaster
 16730 | Elf:3    | Killed a deep elf blademaster
 16842 | Elf:3    | Noticed a deep elf master archer
 16842 | Elf:3    | Your ally Agrik died
 16852 | Elf:3    | Killed a deep elf master archer
 16904 | Elf:3    | Got a shimmering jade ring
 16939 | Elf:3    | Identified the Papyrus of Attacks and Feathers
 16953 | Elf:3    | Learned a level 2 spell: Cure Poison
 16982 | Elf:3    | Noticed a deep elf master archer
 16995 | Elf:3    | Killed a deep elf master archer
 17097 | Elf:3    | Noticed a deep elf blademaster
 17113 | Elf:3    | Killed a deep elf blademaster
 17117 | Elf:3    | Cast into the Abyss (deep elf sorcerer)
 17259 | Abyss:1  | Noticed a bone dragon
 17297 | Abyss:1  | Killed a bone dragon
 17413 | Abyss:1  | Found a corrupted altar of Lugonu.
 17442 | Abyss:2  | Got a brightly glowing iron ring
 17496 | Abyss:3  | Identified the ring "Mecwiojy" {-Cast +Inv rF+ Acc+2} (You found it on level 2 of the Abyss)
 17496 | Abyss:3  | Identified the ring of Fun {rF+ Str+2 Dex+4} (You took it off a deep elf death mage on level 3 of the Elven Halls)
 17618 | Abyss:3  | Gained Ugrim as an ally
 17653 | Elf:3    | Escaped the Abyss
 17706 | Elf:3    | Got a heavily runed lead ring
 17884 | Orc:4    | Bought the ring of Polytheism {Dex+3 Int+3 Dam+4 SInv} for 889 gold pieces
 17884 | Orc:4    | Bought a +1 ring of strength for 35 gold pieces
 18310 | Slime:1  | Entered Level 1 of the Pits of Slime
 18311 | Slime:1  | Bloax: you sure about fucking your orcs up
 18311 | Slime:1  | 4tharraofdagon: idk
 18311 | Slime:1  | Bloax: they're gonna get burned by the walls to death
 18327 | Slime:1  | Gained mutation: You heal slowly when monsters are visible. [a shining eye]
 18370 | Slime:1  | Reached skill level 15 in Shields
 18387 | Slime:1  | Yermak: You heal slowly when monsters are visible?! Wtf is this?
 18389 | Slime:1  | Paralysed by a giant eyeball for 4 turns
 18399 | Slime:1  | Yermak: Some kind of new mutation?
 18411 | Slime:1  | Turgon: Looks like
 18432 | Slime:2  | Turgon: I didn't know this
 18488 | Slime:4  | Turgon: Well, Garbold and Bogdan help him!
 18530 | Slime:5  | Reached XP level 18. HP: 154/154 MP: 30/30
 18597 | Slime:6  | Entered Level 6 of the Pits of Slime
 18658 | Slime:6  | Found a viscous altar of Jiyva.
 18686 | Slime:6  | Noticed the royal jelly
 18692 | Slime:6  | Bloax: step up
 18694 | Slime:6  | Bloax: ah whatever
 18708 | Slime:6  | Killed the royal jelly
 18710 | Slime:6  | Turgon: Easy!
 18711 | Slime:6  | Your ally Bogdan died
 18714 | Slime:6  | Bloax: rip
 18716 | Slime:6  | Noticed Psiweapon's ghost (great GrFi)
 18726 | Slime:6  | Turgon: And only XL 18
 18739 | Slime:6  | Bloax: unarmed GrFi in Slime:6
 18742 | Slime:6  | Bloax: this doesn't sound dangerous at all
 18767 | Slime:6  | Killed Psiweapon's ghost
 18789 | Slime:6  | Yermak: misshapen and mutated? lol
 18796 | Slime:6  | Turgon: http://crawl.lantea.net/crawl/morgue/Psiweapon/morgue-Psiweapon-20131207-055657.txt
 18876 | Slime:6  | Learned a level 4 spell: Control Teleport
 18879 | Slime:6  | Got a sparkling amethyst amulet
 18909 | Slime:6  | Identified the amulet of Gagaysai {rMut Stlth+} (You found it on level 6 of the Pits of Slime)
 18968 | Slime:6  | Got a slimy rune of Zot
 18979 | Slime:6  | Identified the ring "Yzefudox" {Str+3 Dex+2 Acc+5 Dam+5} (You found it on level 3 of the Elven Halls)
 18991 | Slime:6  | Turgon: Two nice rings!
 18995 | Slime:6  | Yermak: enchant armour
 18995 | Slime:6  | Turgon: Enchant pearl DA?
 18996 | Slime:6  | Identified the Collected Works on Shifting Darkness (You found it on level 6 of the Pits of Slime)
 19004 | Slime:6  | Got a warped silver ring
 19005 | Slime:6  | Identified the ring "Smacvium" {MR Stlth+} (You found it on level 6 of the Pits of Slime)
 19010 | Slime:6  | Paralysed by a giant eyeball for 3 turns
 19017 | Slime:6  | Paralysed by a giant eyeball for 2 turns
 19032 | Slime:6  | Paralysed by a giant eyeball for 2 turns
 19105 | Slime:6  | Turgon: 4thArra, did/will you charm Roka?
 19108 | Slime:6  | 4tharraofdagon: i already killed him
 19116 | Slime:5  | Turgon: oh
 19125 | Slime:5  | Turgon: :-|
 19131 | Slime:5  | Yermak: You didn't loot last quarter
 19131 | Slime:5  | Turgon: Would have been a good buddy
 19131 | Slime:5  | Yermak: you know?
 19173 | Slime:6  | Yermak: Would your orc love that CPA?
 19198 | Slime:6  | 4tharraofdagon: how to tell him to equip this
 19199 | Slime:6  | Yermak: ctrl-t,a - pick up everything they need
 19217 | Slime:6  | Turgon: "Gorbald, equip this crystal PA or I kill you!"
 19221 | Slime:6  | Yermak: If he'll be on that tile he could grab it
 19234 | Slime:6  | Turgon: Garbold*
 19246 | Slime:6  | 4tharraofdagon: what is thi
 19246 | Slime:6  | 4tharraofdagon: ss
 19246 | Slime:6  | 4tharraofdagon: menu
 19246 | Slime:6  | Turgon: don't know, sorry
 19247 | Slime:6  | Yermak: well it's what your allies could pick up
 19268 | Slime:6  | Reached skill level 16 in Shields
 19269 | Slime:6  | Turgon: Garbold picks up 8 bread rations
 19269 | Slime:6  | Yermak: it doesn't mean they'll pick up all youdrop
 19280 | Slime:6  | Turgon: Garbold wields a bread ration
 19286 | Slime:6  | 4tharraofdagon: and now what
 19287 | Slime:6  | Yermak: wait a couple of turns
 19296 | Slime:6  | Yermak: it looks like he doesn't like it
 19296 | Slime:6  | 4tharraofdagon: wtf
 19296 | Slime:6  | Turgon: Maybe he has not enough Str?
 19299 | Slime:6  | Yermak: onsters don't have Str
 19303 | Slime:6  | Yermak: When playing with Yred I just set behaviour to pick up all they need
 19315 | Slime:6  | Turgon: Inscribe crystal PA with "Garbold's armour"
 19318 | Slime:6  | Turgon: ;-)
 19327 | Slime:6  | Yermak: cool
 19343 | Slime:6  | Turgon: I still don't know why he is mishappen
 19363 | Slime:5  | Turgon: (ok, he looks like...)
 19365 | Slime:5  | Bloax: wait what is that guy wearing
 19378 | Slime:3  | Turgon: plate armour
 19378 | Slime:3  | Yermak: some runed plate
 19436 | Lair:7   | Bloax: what's that sword
 19436 | Lair:7   | Turgon: +13,+4
 19436 | Lair:7   | Bloax: haha
 19454 | Lair:5   | Yermak: Did you get yout barnacled rune?
 19472 | Lair:5   | 4tharraofdagon: no,just heading for it
 19472 | Lair:5   | Bloax: gl
 19472 | Lair:5   | Bloax: and to your orcbro too
 19472 | Lair:5   | Yermak: no need in that
 19472 | Lair:5   | Turgon: :-)
 19472 | Lair:5   | Yermak: he's just forgot to pick it up
 19472 | Lair:5   | Turgon: But what if Garbold picks up the orb of zot and escapes?
 19476 | Lair:5   | Turgon: Who'll get the points in CAO list?
 19595 | Shoals:2 | Yermak: btw, you need to change pick up behaviour each time you get new ally
 19619 | Shoals:2 | 4tharraofdagon: so
 19619 | Shoals:2 | 4tharraofdagon: should i change to what now
 19619 | Shoals:2 | 4tharraofdagon: nothing?
 19619 | Shoals:2 | Yermak: each new ally has default pick up nothing
 19619 | Shoals:2 | 4tharraofdagon: oh k
 19619 | Shoals:2 | Turgon: Make Garbold learning and casting fire storm
 19630 | Shoals:2 | Turgon: Tell him not to cast it at you
 19631 | Shoals:2 | Yermak: If you're afraid he picks up some uber randart before you, don't set
 19632 | Shoals:2 | Yermak: pick up all
 19746 | Shoals:4 | Lost mutation: Your muscles are strong. (Str +2) [potion of cure mutation]
 19746 | Shoals:4 | Lost mutation: Your flesh is heat resistant. [potion of cure mutation]
 19746 | Shoals:4 | Lost mutation: Your mind is very acute. (Int +4) [potion of cure mutation]
 19746 | Shoals:4 | Lost mutation: You heal slowly when monsters are visible. [potion of cure mutation]
 19746 | Shoals:4 | Lost mutation: You occasionally shout uncontrollably. [potion of cure mutation]
 19803 | Shoals:5 | Turgon: In ZAngband it's possible to read scrolls from the floor
 19803 | Shoals:5 | Turgon: That's better
 19806 | Shoals:5 | Yermak: hmm, that would be nice
 19815 | Shoals:5 | Got a barnacled rune of Zot
 19821 | Shoals:5 | Turgon: "r-" means read from floor
 19827 | Shoals:5 | Turgon: as well as "q-" quaffs a potion from the floor
 20198 | Depths:1 | Noticed an ettin
 20208 | Depths:1 | Killed an ettin
 20228 | Depths:1 | Noticed an orc warlord
 20251 | Depths:1 | Was placed under penance by Beogh
 20253 | Depths:1 | Noticed a stone giant
 20258 | Depths:1 | Noticed a stone giant
 20260 | Depths:1 | an orc warlord (ally) was killed
 20264 | Depths:1 | 4tharraofdagon: wtf just happened
 20315 | Depths:1 | Reached skill level 10 in Evocations
 20382 | Depths:1 | Noticed a titan
 20397 | Depths:1 | Killed a titan
 20454 | Depths:1 | Killed a stone giant
 20497 | Depths:1 | Paralysed by a giant eyeball for 4 turns
 20654 | Depths:1 | Reached XP level 19. HP: 122/163 MP: 26/31
 20674 | Depths:1 | Was forgiven by Beogh
 20697 | Depths:1 | Paralysed by a giant eyeball for 3 turns
 20751 | Depths:1 | Noticed an orc warlord
 20782 | Depths:1 | Killed a stone giant
 20836 | Depths:1 | Gained Worak as an ally
 20846 | Depths:1 | Noticed an ettin
 20847 | Depths:1 | Noticed an ettin
 20856 | Depths:1 | Worak the orc warlord (ally) was killed
 20856 | Depths:1 | Your ally Worak died
 20885 | Depths:1 | Killed an ettin
 20897 | Depths:1 | Killed an ettin
 21037 | Depths:2 | Cast into the Abyss (deep elf demonologist)
 21053 | Abyss:1  | Found a corrupted altar of Lugonu.
 21214 | Abyss:1  | Reached skill level 15 in Armour
 21380 | Abyss:2  | Yermak: Do you still plan turning into a tree?
 21429 | Abyss:3  | 4tharraofdagon: yea in tomb
 21486 | Abyss:3  | Yermak: I'd like to see that
 21638 | Abyss:3  | Reached skill level 17 in Maces & Flails
 21654 | Abyss:3  | Found a corrupted altar of Lugonu.
 21782 | Abyss:3  | Noticed a bone dragon
 21793 | Abyss:3  | Noticed a bone dragon
 21804 | Abyss:3  | Killed a bone dragon
 21822 | Abyss:3  | Killed a bone dragon
 21879 | Abyss:5  | Entered Level 5 of the Abyss
 21938 | Abyss:5  | Paralysed by a red wasp for 3 turns
 22046 | Abyss:5  | Got an abyssal rune of Zot
 22081 | Abyss:5  | Gained Argrim as an ally
 22085 | Abyss:5  | Your ally Argrim died
 22099 | Abyss:5  | Gained Orgrim as an ally
 22112 | Abyss:5  | Your ally Orgrim died
 22158 | Abyss:5  | Yermak: Is Garbold dead?
 22170 | Abyss:5  | 4tharraofdagon: ye
 22250 | Depths:2 | Escaped the Abyss
 22335 | Depths:2 | Found a one-way gate leading to the halls of Pandemonium.
 22337 | Depths:2 | Found a gateway to Hell.
 22379 | Depths:2 | Found a shimmering altar of Xom.
 22379 | Depths:2 | Found a glowing golden altar of the Shining One.
 22408 | Depths:2 | Found a burning altar of Makhleb.
 22512 | Depths:2 | Reached XP level 20. HP: 102/174 MP: 30/33
 22536 | Depths:2 | Reached skill level 18 in Maces & Flails
 22723 | Depths:2 | Noticed a golden dragon
 22735 | Depths:2 | Killed a golden dragon
 22735 | Depths:2 | Gained Agrik as an ally
 22759 | Depths:2 | Noticed a golden dragon
 22775 | Depths:2 | Killed a golden dragon
 22922 | Depths:2 | Beogh protects you from harm!
 23101 | Depths:2 | Noticed a golden dragon
 23116 | Depths:2 | Killed a golden dragon
 23155 | Depths:2 | Yermak: I think it turn-wise better to set pick-up behaviour to all and then back to nothing
 23201 | Depths:2 | Got a slimy lead ring
 23203 | Depths:2 | Yermak: They all tend to prefer maces
 23203 | Depths:2 | Identified the ring of Nepi {MR++ MP+9} (You found it on level 2 of the Depths)
 23319 | Depths:2 | Reached skill level 15 in Fighting
 23447 | Depths:3 | Paralysed by a sphinx for 5 turns
 23522 | Depths:3 | Reached skill level 19 in Maces & Flails
 23545 | Depths:3 | Noticed a bone dragon
 23547 | Depths:3 | Noticed a golden dragon
 23556 | Depths:3 | Killed a bone dragon
 23613 | Depths:3 | Yermak: They should make Cure Poison targetable
 23762 | Depths:3 | Noticed a golden dragon
 23778 | Depths:3 | Killed a golden dragon
 23844 | Depths:3 | Reached XP level 21. HP: 109/184 MP: 8/34
 23881 | Depths:3 | Your ally Agrik died
 23885 | Depths:3 | 4tharraofdagon: clags
 23995 | Depths:3 | Cast into the Abyss (deep elf sorcerer)
 23998 | Abyss:1  | Found a corrupted altar of Lugonu.
 24007 | Abyss:1  | Paralysed by accursed screaming for 1 turns
 24016 | Abyss:1  | 4tharraofdagon: what is howl
 24017 | Abyss:1  | Noticed a bone dragon
 24044 | Depths:3 | Escaped the Abyss
 24084 | Depths:1 | Paralysed by a giant eyeball for 3 turns
 24140 | Depths:1 | Noticed a stone giant
 24203 | D:15     | Noticed Maud
 24219 | D:15     | Killed Maud
 24265 | Vaults:1 | Entered Level 1 of the Vaults
 24265 | Vaults:1 | Noticed Nessos
 24274 | Vaults:1 | Yermak: Was it first time you encountered forest wolves?
 24284 | Vaults:1 | Killed Nessos
 24315 | Vaults:1 | 4tharraofdagon: ye
 24496 | Vaults:1 | Noticed Donald
 24513 | Vaults:1 | Killed Donald
 24587 | Vaults:3 | Found Shebleci's Food Emporium.
 24630 | Vaults:3 | Gained Bogdan as an ally
 24804 | Vaults:4 | Your ally Bogdan died
 24809 | Vaults:4 | Gained Arbeogh as an ally
 24839 | Vaults:4 | Gained Syrus as an ally
 24966 | Vaults:5 | Entered Level 5 of the Vaults
 24971 | Vaults:5 | Your ally Arbeogh died
 24976 | Vaults:5 | Your ally Syrus died
 24984 | Vaults:5 | Found Gapp's Food Shop.
 24993 | Vaults:5 | Found Wahovef's Distillery.
 25025 | Vaults:5 | Gained Harm as an ally
 25033 | Vaults:5 | Was placed under penance by Beogh
 25057 | Vaults:5 | Your ally Harm died
 25059 | Vaults:5 | Reached skill level 20 in Maces & Flails
 25070 | Vaults:5 | Yermak: That's why I don't like lamps of fire when I have allies
 25143 | Vaults:5 | Was forgiven by Beogh
 25265 | Vaults:5 | Noticed Mara
 25269 | Vaults:5 | Noticed 4tharraofdagon's illusion
 25281 | Vaults:5 | Killed Mara
 25325 | Vaults:5 | Found Clonyacs' Magic Scroll Boutique.
 25327 | Vaults:5 | Bought a potion of heal wounds for 51 gold pieces
 25327 | Vaults:5 | Bought a potion of resistance for 119 gold pieces
 25327 | Vaults:5 | Bought a potion of might for 42 gold pieces
 25327 | Vaults:5 | Bought a potion of might for 42 gold pieces
 25327 | Vaults:5 | Bought a potion of curing for 34 gold pieces
 25327 | Vaults:5 | Bought a potion of heal wounds for 51 gold pieces
 25327 | Vaults:5 | Bought a potion of curing for 34 gold pieces
 25327 | Vaults:5 | Bought a potion of heal wounds for 51 gold pieces
 25327 | Vaults:5 | Bought a potion of heal wounds for 51 gold pieces
 25327 | Vaults:5 | Bought 2 potions of curing for 68 gold pieces
 25327 | Vaults:5 | Bought a potion of curing for 34 gold pieces
 25327 | Vaults:5 | Bought a potion of agility for 42 gold pieces
 25327 | Vaults:5 | Bought a potion of restore abilities for 51 gold pieces
 25337 | Vaults:5 | Bought a scroll of teleportation for 48 gold pieces
 25337 | Vaults:5 | Bought a scroll of enchant weapon III for 320 gold pieces
 25337 | Vaults:5 | Bought a scroll of acquirement for 832 gold pieces
 25343 | Vaults:5 | Got a polished helmet
 25347 | Vaults:5 | Identified the +1 helmet of the Ego {Stlth-} (You acquired it on level 5 of the Vaults)
 25360 | Vaults:5 | Found Cettif's Food Shop.
 25360 | Vaults:5 | Found Puepn's Distillery.
 25365 | Vaults:5 | Bought a potion of might for 55 gold pieces
 25365 | Vaults:5 | Bought a potion of curing for 44 gold pieces
 25377 | Vaults:5 | Found Izuasm's Magic Scroll Emporium.
 25410 | Vaults:5 | Found Sek Enak's Magic Scroll Shoppe.
 25410 | Vaults:5 | Found Skohaodi's Distillery.
 25472 | Vaults:5 | Gained Borgun as an ally
 25479 | Vaults:5 | Reached XP level 22. HP: 162/196 MP: 32/36
 25507 | Vaults:5 | Your ally Borgun died
 25702 | Vaults:5 | Reached skill level 1 in Dodging
 25829 | Vaults:5 | Reached skill level 5 in Dodging
 26072 | Vaults:5 | Got a silver rune of Zot
 26074 | Vaults:5 | 4tharraofdagon: gtg :/
 26074 | Vaults:5 | 4tharraofdagon: in a moment
 26079 | Vaults:5 | Identified the Reference Book on Confrontation (You found it on level 5 of the Vaults)
 26086 | Vaults:5 | Learned a level 2 spell: Stoneskin
 26126 | Vaults:5 | 4tharraofdagon: yep
 26126 | Vaults:5 | Upgraded the game from 0.14-a0-1361-g0512ea0 to 0.14-a0-1378-gf8e6a88
 26216 | Vaults:5 | Gained Koronagh as an ally
 26373 | Vaults:5 | Gained mutation: You possess an exceptional clarity of mind. [potion of beneficial mutation]
 26466 | Vaults:4 | Reached skill level 10 in Dodging
 26538 | Vaults:3 | Gained Borgk as an ally
 26680 | Vaults:3 | Found a glowing silver altar of Zin.
 26744 | Vaults:3 | Found a staircase to the Enchanted Forest.
 26789 | Forest:1 | Entered Level 1 of the Enchanted Forest
 26973 | Forest:1 | Gained Harm as an ally
 27152 | Forest:2 | Gained Morun as an ally
 27161 | Forest:2 | Gained Boruk as an ally
 27227 | Forest:2 | Gained Wargath as an ally
 27275 | Forest:3 | Noticed Frederick
 27289 | Forest:3 | Killed Frederick
 27446 | Forest:5 | Entered Level 5 of the Enchanted Forest
 27453 | Forest:5 | Noticed Margery
 27466 | Forest:5 | Killed Margery
 27502 | Forest:5 | Your ally Koronagh died
 27627 | Forest:5 | Your ally Morun died
 27634 | Forest:5 | Reached XP level 23. HP: 204/204 MP: 32/36
 27700 | Forest:5 | Your ally Harm died
 27705 | Forest:5 | Your ally Borgk died
 27707 | Forest:5 | Your ally Boruk died
 27801 | Forest:5 | Your ally Wargath died
 27947 | Forest:5 | Noticed Sojobo
 28035 | Forest:5 | Noticed the Enchantress
 28058 | Forest:5 | Killed the Enchantress
 28082 | Forest:5 | Got a faerie dragon armour
 28118 | Forest:5 | Killed Sojobo
 28310 | Forest:5 | Reached skill level 21 in Maces & Flails
 28495 | Forest:5 | Got an ancient buckler
 28519 | Forest:5 | Identified the cursed -5 buckler "Pooff" {+Rage +Inv rN+ MR++ Int+1 Acc+4 SInv} (You found it on level 5 of the Enchanted Forest)
 28891 | Forest:2 | Gained Morbeogh as an ally
 28910 | Forest:2 | Gained Bogdar as an ally
 28948 | Forest:3 | Identified the +2 faerie dragon armour {+Inv rElec Acc+4} (You took it off the Enchantress on level 5 of the Enchanted Forest)
 28999 | Forest:3 | Your ally Morbeogh died
 29119 | Forest:3 | Paralysed by a spriggan assassin for 3 turns
 29232 | Forest:3 | Noticed Boris
 29248 | Forest:3 | Killed Boris
 29785 | Forest:2 | Found a staircase to the Tomb.
 29793 | Tomb:1   | Entered Level 1 of the Tomb of the Ancients
 29934 | Tomb:1   | Noticed a greater mummy
 29944 | Tomb:1   | Noticed a greater mummy
 29950 | Tomb:1   | Killed a greater mummy
 29960 | Tomb:1   | Killed a greater mummy
 29960 | Tomb:1   | Reached skill level 22 in Maces & Flails
 29960 | Tomb:1   | Reached XP level 24. HP: 196/216 MP: 17/37
 29965 | Tomb:1   | Noticed a greater mummy
 29979 | Tomb:1   | Killed a greater mummy
 30169 | Tomb:3   | Entered Level 3 of the Tomb of the Ancients
 30219 | Tomb:2   | Noticed a greater mummy
 30223 | Tomb:2   | Noticed a greater mummy
 30313 | Tomb:2   | Noticed a greater mummy
 30539 | Tomb:3   | Your ally Bogdar died
 30558 | Tomb:3   | Noticed a greater mummy
 30561 | Tomb:3   | Noticed a greater mummy
 30610 | Tomb:3   | Noticed a greater mummy
 30626 | Tomb:3   | Noticed a greater mummy
 30633 | Tomb:2   | Killed a greater mummy
 30762 | Tomb:2   | Killed a greater mummy
 30857 | Tomb:2   | Killed a greater mummy
 30868 | Tomb:3   | Killed a greater mummy
 30900 | Tomb:3   | Got a golden rune of Zot
 30921 | Tomb:3   | Noticed a greater mummy
 30922 | Tomb:3   | Noticed a greater mummy
 30929 | Tomb:3   | Gained mutation: Armour fits poorly on your strangely shaped body. [a neqoxec]
 30985 | Tomb:3   | Noticed a greater mummy
 30991 | Tomb:2   | Killed a greater mummy
 31043 | Tomb:2   | Killed a greater mummy
 31064 | Tomb:3   | Killed a greater mummy
 31122 | Tomb:3   | Noticed a greater mummy
 31137 | Tomb:3   | Killed a greater mummy
 31194 | Tomb:3   | Reached skill level 15 in Evocations
 31339 | Tomb:1   | Turgon: Hey, where are your orcish friends? Were they afraid to go to tomb?
 31339 | Tomb:1   | Turgon: ;-)
 31339 | Tomb:1   | 4tharraofdagon: they are dying all the time
 31343 | Forest:2 | Turgon: oh
 31343 | Forest:2 | 4tharraofdagon: i devastated them in forest
 31394 | Forest:1 | Turgon: Mhmm - is antaeus an orc too?
 31394 | Forest:1 | Turgon: ;-)
 31408 | Vaults:3 | 4tharraofdagon: hmm what is beogh invo title
 31408 | Vaults:3 | Turgon: Don't know
 31415 | Vaults:3 | Found a staircase to the Hall of Blades.
 31484 | Vaults:5 | Bought a scroll of identify for 32 gold pieces
 31484 | Vaults:5 | Bought a scroll of teleportation for 48 gold pieces
 31484 | Vaults:5 | Bought a scroll of recharging for 88 gold pieces
 31484 | Vaults:5 | Bought a scroll of remove curse for 48 gold pieces
 31484 | Vaults:5 | Bought a scroll of identify for 32 gold pieces
 31489 | Vaults:5 | Turgon: Are scrolls of noise useful (besides breaking mesm. in shoals) ?
 31495 | Vaults:5 | Bought a potion of speed for 99 gold pieces
 31495 | Vaults:5 | Bought a potion of heal wounds for 54 gold pieces
 31495 | Vaults:5 | Bought a potion of brilliance for 45 gold pieces
 31495 | Vaults:5 | Bought a potion of curing for 36 gold pieces
 31495 | Vaults:5 | Bought a potion of berserk rage for 54 gold pieces
 31495 | Vaults:5 | Bought a potion of brilliance for 45 gold pieces
 31495 | Vaults:5 | Bought a potion of lignification for 54 gold pieces
 31495 | Vaults:5 | Bought 2 potions of lignification for 108 gold pieces
 31495 | Vaults:5 | Bought a potion of curing for 36 gold pieces
 31507 | Vaults:5 | Bought a scroll of acquirement for 832 gold pieces
 31512 | Vaults:5 | 4tharraofdagon: ye
 31512 | Vaults:5 | Turgon: why?
 31512 | Vaults:5 | 4tharraofdagon: luring out cerebov etc
 31512 | Vaults:5 | Turgon: louder than shouting?
 31512 | Vaults:5 | 4tharraofdagon: ofc
 31512 | Vaults:5 | Turgon: !
 31512 | Vaults:5 | Turgon: I learned again something...
 31512 | Vaults:5 | 4tharraofdagon: it works like 1second of sentinel mark
 31512 | Vaults:5 | 4tharraofdagon: all monsters lure to the spot where you've read it
 31512 | Vaults:5 | Turgon: !
 31513 | Vaults:5 | Bought a scroll of fog for 32 gold pieces
 31544 | Vaults:5 | Bought a potion of heal wounds for 66 gold pieces
 31544 | Vaults:5 | Bought a potion of curing for 44 gold pieces
 31544 | Vaults:5 | Bought 2 potions of heal wounds for 132 gold pieces
 31544 | Vaults:5 | Bought a potion of curing for 44 gold pieces
 31671 | Pan      | Entered Pandemonium
 31755 | Pan      | Turgon: nasty nasty torment
 31795 | Pan      | Turgon: nasty nasty nasty sentinel
 31844 | Pan      | Reached skill level 23 in Maces & Flails
 31932 | Pan      | Found an exit through the horrors of the Abyss.
 32034 | Pan      | Gained Ortolf as an ally
 32035 | Pan      | Noticed Hemexir the pandemonium lord
 32037 | Pan      | Your ally Ortolf died
 32063 | Pan      | Reached XP level 25. HP: 57/218 MP: 29/38
 32205 | Pan      | Gained Ogrik as an ally
 32211 | Pan      | Gained Borgk as an ally
 32219 | Pan      | Entered the realm of Lom Lobon.
 32221 | Pan      | Found a gateway to a ziggurat.
 32244 | Pan      | Your ally Borgk died
 32247 | Pan      | Your ally Ogrik died
 32470 | Pan      | Gained Gorm as an ally
 32470 | Pan      | Gained Bogmar as an ally
 32587 | Pan      | Noticed Lom Lobon
 32619 | Pan      | Got a magical rune of Zot
 32622 | Pan      | Your ally Gorm died
 32627 | Pan      | Turgon: lom is a very bad guard when he blinks away!
 32627 | Pan      | Your ally Bogmar died
 32679 | Pan      | Noticed Yhod the pandemonium lord
 32693 | Pan      | Killed Yhod the pandemonium lord
 32934 | Pan      | Found an exit through the horrors of the Abyss.
 33007 | Pan      | Noticed Hus Ercha the pandemonium lord
 33043 | Pan      | Killed Hus Ercha the pandemonium lord
 33130 | Pan      | Gained mutation: You tend to lose your temper in combat. [a cacodemon]
 33310 | Pan      | Entered the realm of Mnoleg.
 33333 | Pan      | Gained Orik as an ally
 33392 | Pan      | Your ally Orik died
 33482 | Pan      | Paralysed by a giant eyeball for 3 turns
 33509 | Pan      | Noticed Mnoleg
 33510 | Pan      | Paralysed by a giant eyeball for 2 turns
 33555 | Pan      | 4tharraofdagon: rotfl
 33649 | Pan      | Got a glowing rune of Zot
 33667 | Pan      | Entered the realm of Gloorx Vloq.
 33754 | Pan      | Reached skill level 24 in Maces & Flails
 33948 | Pan      | Noticed Gloorx Vloq
 33964 | Pan      | Killed Gloorx Vloq
 33965 | Pan      | Daniel: lol
 33981 | Pan      | Daniel: owning in treeform
 33988 | Pan      | 4tharraofdagon: torment immunity
 34000 | Pan      | Got a dark rune of Zot
 34005 | Pan      | Daniel: nice
 34022 | Pan      | Daniel: whats missing? cerebov?
 34022 | Pan      | Reached XP level 26. HP: 197/230 MP: 23/39
 34047 | Pan      | 4tharraofdagon: cerebov and magical
 34047 | Pan      | Daniel: +hell
 34049 | Pan      | 4tharraofdagon: demonic
 34063 | Pan      | Noticed Raratz the pandemonium lord
 34138 | Pan      | Entered the realm of Cerebov.
 34370 | Pan      | Gained Oruk as an ally
 34375 | Pan      | Noticed Cerebov
 34393 | Pan      | Got a fiery rune of Zot
 34475 | Pan      | HP: 6/231 [balrug/bolt of fire (27)]
 34479 | Pan      | 4tharraofdagon: good time for miscasts
 34479 | Pan      | 4tharraofdagon: 4%
 34480 | Pan      | HP: 10/231 [sun demon (9)]
 34495 | Pan      | Gained Bogrim as an ally
 34514 | Pan      | Your ally Bogrim died
 34592 | Pan      | Gained Learuk as an ally
 34597 | Pan      | Gained Koronagh as an ally
 34750 | Pan      | Gained Oreg as an ally
 34809 | Pan      | Gained Margrim as an ally
 34809 | Pan      | Your ally Oreg died
 34809 | Pan      | Your ally Margrim died
 34810 | Pan      | Your ally Koronagh died
 34817 | Pan      | Your ally Learuk died
 34819 | Pan      | Noticed Pnasavupn the pandemonium lord
 34820 | Pan      | Your ally Oruk died
 34852 | Pan      | HP: 5/231 [green death/blast of poison (10)]
 34861 | Pan      | Got a demonic rune of Zot
 35005 | Pan      | Killed Pnasavupn the pandemonium lord
 35185 | Pan      | Found an exit through the horrors of the Abyss.
 35193 | Pan      | Took an exit into the Abyss.
 35193 | Abyss:1  | Escaped into the Abyss
 35331 | Depths:2 | Escaped the Abyss
 35340 | Hell     | Entered the Vestibule of Hell
 35340 | Hell     | Noticed Geryon
 35421 | Hell     | Killed Geryon
 35450 | Hell     | Found a gateway to the Iron City of Dis.
 35468 | Hell     | Reached skill level 25 in Maces & Flails
 35475 | Dis:1    | Entered Level 1 of the Iron City of Dis
 36053 | Dis:7    | Entered Level 7 of the Iron City of Dis
 36137 | Dis:7    | Got a transparent iron ring
 36138 | Dis:7    | Identified the ring of the Assorted Beds {+Inv rC+ rN+} (You found it on level 7 of the Iron City of Dis)
 36139 | Dis:7    | Gained Bogdar as an ally
 36220 | Dis:7    | Gained Bogward as an ally
 36370 | Dis:7    | Your ally Bogdar died
 36373 | Dis:7    | Your ally Bogward died
 36662 | Dis:7    | Reached XP level 27. HP: 143/241 MP: 32/40
 36715 | Dis:7    | Noticed Dispater
 36755 | Dis:7    | Gained Murdo as an ally
 36792 | Dis:7    | Gained Bogwald as an ally
 36839 | Dis:7    | Gained Orik as an ally
 36857 | Dis:7    | Beogh protects you from harm!
 36858 | Dis:7    | Killed Dispater
 36871 | Dis:7    | Your ally Murdo died
 36880 | Dis:7    | Got an iron rune of Zot
 36893 | Dis:7    | Your ally Orik died
 36927 | Hell     | Found a gateway to the freezing wastes of Cocytus.
 36989 | Coc:1    | Entered Level 1 of Cocytus
 37152 | Coc:7    | Entered Level 7 of Cocytus
 37166 | Coc:7    | Yermak: Looks like new ending
 37263 | Coc:7    | Yermak: Remove teleportation?
 37280 | Coc:7    | Yermak: oh
 37353 | Coc:7    | omfg
 37390 | Coc:7    | WTF
 37410 | Coc:7    | Yermak: I think this is dual-ending map
 37417 | Coc:7    | 4tharraofdagon: where is the second
 37417 | Coc:7    | Yermak: Like one of Gehennas
 37417 | Coc:7    | 4tharraofdagon: bottom right?
 37417 | Coc:7    | Yermak: simmetrically, I suppose
 37417 | Coc:7    | 4tharraofdagon: o
 37441 | Coc:7    | 4tharraofdagon: 3%
 37442 | Coc:7    | HP: 3/241 [ice dragon/blast of cold (18)]
 37442 | Coc:7    | Killed from afar by a frost giant

Action                   |  1- 3 |  4- 6 |  7- 9 | 10-12 | 13-15 | 16-18 | 19-21 | 22-24 | 25-27 || total
-------------------------+-------+-------+-------+-------+-------+-------+-------+-------+-------++-------
Melee: Hand axe          |    87 |    15 |       |       |       |       |       |       |       ||   102
       Flail             |       |   144 |   363 |   570 |    46 |       |       |       |       ||  1123
       Sacred scourge    |       |       |       |       |  1119 |   994 |  1596 |  1735 |  1465 ||  6909
       Unarmed           |       |       |       |       |       |    26 |       |    13 |       ||    39
 Fire: Blowgun           |       |     1 |     2 |       |       |       |       |       |       ||     3
 Cast: Regeneration      |       |       |       |       |     1 |    53 |   151 |   200 |   178 ||   583
       Apportation       |       |       |       |       |       |    47 |    58 |    84 |    34 ||   223
       Control Teleport  |       |       |       |       |       |     5 |     3 |    12 |    13 ||    33
       Haste             |       |       |       |       |       |     2 |     1 |     7 |     4 ||    14
       Cure Poison       |       |       |       |       |       |       |     9 |    10 |     8 ||    27
       Repel Missiles    |       |       |       |       |       |       |     8 |    13 |    18 ||    39
       Blink             |       |       |       |       |       |       |       |       |     8 ||     8
Invok: Convert to Beogh  |     1 |       |       |       |       |       |       |       |       ||     1
       Smiting           |       |       |     2 |     1 |    29 |    18 |     6 |       |     4 ||    60
       Recall Orcish Fol |       |       |       |     1 |     2 |    51 |    10 |    22 |     4 ||    90
       Stop Recall       |       |       |       |       |       |     1 |       |     1 |       ||     2
 Abil: Evoke Teleportati |       |       |       |       |       |     5 |     1 |    19 |    79 ||   104
Evoke: box of beasts     |       |       |       |    10 |       |       |       |       |       ||    10
       Wand              |       |       |       |     8 |    14 |    19 |    10 |     2 |    23 ||    76
       lamp of fire      |       |       |       |       |       |     5 |     4 |     4 |     4 ||    17
       fan of gales      |       |       |       |       |       |     1 |     2 |     2 |     1 ||     6
       phial of floods   |       |       |       |       |       |       |       |     1 |     1 ||     2
       horn of Geryon    |       |       |       |       |       |       |       |       |     1 ||     1
  Use: Scroll            |     8 |     3 |     5 |     9 |    29 |    39 |    12 |    19 |    14 ||   138
       Potion            |     3 |       |       |     3 |     5 |    30 |     6 |    16 |    12 ||    75
 Stab: Distracted        |       |       |       |     4 |     6 |     8 |     6 |     8 |     5 ||    37
       Fleeing           |       |       |       |       |     1 |       |       |       |       ||     1
       Held in net/web   |       |       |       |       |     2 |       |       |       |       ||     2
       Invisible         |       |       |       |       |       |     2 |       |       |       ||     2
       Paralysed         |       |       |       |       |       |       |     2 |       |       ||     2
       Confused          |       |       |       |       |       |       |     1 |       |       ||     1
